[Event "Team 45 45 League T44"]
[Site "Internet Chess Club"]
[Date "2010.02.27"]
[Round "4"]
[White "rom1"]
[Black "Pablito15"]
[Result "1/2-1/2"]
[WhiteElo "1528"]
[BlackElo "1581"]
[Opening "QGD semi-Slav"]
[ECO "D43"]
[Time "08:00:14"]
[TimeControl "2700+45"]

1. d4 d5 2. c4 e6 3. Nc3 c6 4. Nf3 Nf6 5. Bg5 Be7 6. e3 Nbd7 7. Bd3 O-O 8. O-O
Qc7 9. cxd5 exd5 10. Rc1 Re8 11. Bf4 Qd8 12. h3 Nf8 13. Qc2 Ng6 14. Bh2 Bb4 15.
a3 Bxc3 16. Qxc3 Ne4 17. Qc2 Nh4 18. Nxh4 Qxh4 19. Bxe4 Rxe4 20. Bg3 Qg5 21. Bf4
Qg6 22. f3 Re6 23. Qxg6 Rxg6 24. g4 h5 25. Rf2 hxg4 26. hxg4 Bd7 27. Rh2 f5 28.
g5 b6 29. Kf2 a5 30. Rch1 Kf7 31. Rh8 Rxh8 32. Rxh8 c5 33. Rb8 c4 34. Rb7 Ke8
35. Bc7 b5 36. Bxa5 Rxg5 37. Rb8+ Kf7 38. Rb7 Ke6 39. Rb6+ Kf7 40. Rd6 Be6 41.
Rb6 Bd7 42. Bb4 Rh5 43. Rd6 Be6 44. Kg3 g5 45. Rd8 f4+ 46. exf4 Rh3+ 47. Kg2 Rh4
48. Rf8+ Kg6 49. Bd6 gxf4 50. Bxf4 Kg7 51. Bd6 Rxd4 52. Be5+ Kxf8 53. Bxd4 Kf7
54. Kg3 Ke7 55. Bc5+ Kd7 56. Kf4 Kc6 57. Bb4 Bh3 58. Ke5 Bg2 59. f4 Kd7 60. f5
Bh3 61. Bc5 Bg4 62. Kf6 Kc6 63. Bd4 Kd6 64. Kg6 Ke7 65. Bc5+ Kd7 66. f6 Be6 67.
Kg7 Ke8 68. Bd4 Bf7 69. Kh6 Kd7 70. Kg5 Ke6 71. Kf4 Bg6 72. Ke3 Kd7 73. Bc3 Kd6
74. Kd4 Be8 75. Bb4+ Ke6 76. Be7 Bd7 77. Bd8 Bc6 78. Kc5 Be8 79. Ba5 Bd7 80. Bc3
Be8 81. Kb6 Bd7 82. Kc7 Be8 83. Kd8 Bc6 84. Bd4 Kf7 85. Kc7 Be8 86. Kd6 Kf8 87.
Kxd5 Kf7 88. Kd6 Kf8 89. Ke6 Bf7+ 90. Kd6 Be8 91. Kc5 Kf7 92. Kd6 Kf8 93. Ke5
Kf7 94. Kf5 Bd7+ 95. Kg5 Be8 96. Bc5 Bd7 97. Be7 Be8 98. Kf5 Bd7+ 99. Ke5 Be8
100. Kd6 Kg8 101. Ke6 Bf7+ 102. Kd7 Bd5 103. Bd8 Bf7 104. Ke7 Bd5 105. Kd6 Bf7
106. Be7 Be8 107. Ke6 Bf7+ 108. Kd7 Bd5 109. Kd6 Bf7 110. Kc5 Be8 111. a4 bxa4
112. Kxc4 Kf7 113. Kb4 Ke6 {Game drawn by mutual agreement} 1/2-1/2

[Event "Team 45 45 League T44"]
[Site "Internet Chess Club"]
[Date "2010.02.27"]
[Round "4"]
[White "werty"]
[Black "Just-Jim"]
[Result "1-0"]
[WhiteElo "1542"]
[BlackElo "1280"]
[Opening "Queen's pawn game"]
[ECO "D02"]
[Time "14:30:13"]
[TimeControl "2700+45"]

1. d4 d5 2. Nf3 h6 3. e3 a6 4. c4 Nf6 5. cxd5 Qxd5 6. Nc3 Qa5 7. Bd2 c6 8. Bc4
e6 9. Nd5 Qd8 10. Nxf6+ Qxf6 11. O-O Bd6 12. Bc3 O-O 13. d5 Qe7 14. dxe6 Bxe6
15. Bxe6 Qxe6 16. Qc2 f5 17. Rfd1 c5 18. b3 Nc6 19. Rd2 Rad8 20. Rad1 Be7 21.
Rd3 Rxd3 22. Rxd3 Rd8 23. Rxd8+ Bxd8 24. Qd3 Be7 25. Nd2 b5 26. e4 b4 27. Bb2 a5
28. exf5 Qe1+ 29. Nf1 Bg5 30. Qd5+ Kh7 31. Qxc6 Qb1 32. Qg6+ Kh8 33. Qxg7#
{Black checkmated} 1-0

[Event "Team 45 45 League T44"]
[Site "Internet Chess Club"]
[Date "2010.02.27"]
[Round "4"]
[White "eurander"]
[Black "SuperJEM"]
[Result "1/2-1/2"]
[WhiteElo "2210"]
[BlackElo "2154"]
[Opening "Pirc: classical (two knights) system"]
[ECO "B08"]
[Time "03:05:52"]
[TimeControl "2700+45"]

1. e4 d6 2. Nf3 Nf6 3. Nc3 g6 4. d4 Bg7 5. Bd3 O-O 6. O-O c6 7. a4 Nbd7 8. h3 e5
9. dxe5 dxe5 10. Be3 Qe7 11. Nd2 Nc5 12. Bc4 Rd8 13. Qe2 Ne6 14. Nb3 Nd4 15.
Bxd4 exd4 16. Na2 Qxe4 17. Rfe1 Bf5 18. g4 Qxe2 19. Rxe2 d3 20. Re7 Rd7 21. Rxd7
Bxd7 22. Bxd3 Nd5 23. Nc5 Bc8 24. c3 b6 25. Ne4 Nf4 26. Bf1 Be6 27. Nb4 c5 28.
Nd3 Nxd3 29. Bxd3 Rd8 30. Bc2 h6 31. Rd1 Rxd1+ 32. Bxd1 f5 33. Nd6 Be5 34. Nb5
a6 35. Na3 Kf7 36. Be2 Bc8 37. Nc4 Bc7 38. Ne3 Ke6 39. Kg2 f4 40. Nc4 Bd7 41.
Nd2 Bc6+ 42. f3 b5 43. axb5 axb5 44. Bd3 {Game drawn by mutual agreement}
1/2-1/2

[Event "Team 45 45 League T44"]
[Site "Internet Chess Club"]
[Date "2010.02.28"]
[Round "4"]
[White "Darkwizard1"]
[Black "pestka"]
[Result "0-1"]
[WhiteElo "1901"]
[BlackElo "2223"]
[Opening "Sicilian: Steinitz variation"]
[ECO "B20"]
[Time "15:40:23"]
[TimeControl "2700+45"]

1. e4 c5 2. g3 Nc6 3. Nf3 g6 4. Bg2 Bg7 5. O-O Nf6 6. Nc3 O-O 7. h3 d6 8. d4
cxd4 9. Nxd4 Nxe4 10. Nxc6 Nxc3 11. bxc3 bxc6 12. Bxc6 Bxh3 13. Bg2 Bxg2 14.
Kxg2 Qc7 15. Rb1 Qxc3 16. Rb3 Qc6+ 17. Kh2 Rfc8 18. Be3 Qxc2 19. Qf3 Qxa2 20.
Rb7 e5 21. Rfb1 a5 22. R1b3 Rf8 23. Bc1 a4 24. Rb2 Qc4 25. Rb1 e4 26. Qa3 d5 27.
R1b4 Qf1 28. Be3 d4 29. Rc4 {White resigns} 0-1

[Event "Team 45 45 League T44"]
[Site "Internet Chess Club"]
[Date "2010.03.02"]
[Round "4"]
[White "tourettes"]
[Black "Ehab"]
[Result "0-1"]
[WhiteElo "1508"]
[BlackElo "1951"]
[Opening "Scandinavian: Pytel-Wade variation"]
[ECO "B01"]
[Time "15:07:21"]
[TimeControl "2700+45"]

1. e4 d5 2. exd5 Qxd5 3. Nc3 Qd6 4. d4 Nf6 5. Bc4 Bg4 6. Nf3 Nc6 7. Be3 O-O-O 8.
Bxf7 Bxf3 9. Qxf3 Nxd4 10. Qh3+ Kb8 11. O-O-O e5 12. f4 Ne4 13. Bxd4 exd4 14.
Nxe4 Qxf4+ 15. Kb1 Qxf7 16. Rhf1 Qd5 17. Qg4 g6 18. Nf6 Qb5 19. Rf3 Qe2 20. Kc1
Bh6+ 21. Rf4 Qxg4 22. Nxg4 Bxf4+ {White resigns} 0-1

[Event "Team 45 45 League T44"]
[Site "Internet Chess Club"]
[Date "2010.02.28"]
[Round "4"]
[White "kidviper"]
[Black "crankn8tr"]
[Result "1-0"]
[WhiteElo "1892"]
[BlackElo "1459"]
[Opening "Sicilian: Labourdonnais-Löwenthal variation"]
[ECO "B32"]
[Time "13:33:07"]
[TimeControl "2700+45"]

1. e4 c5 2. Nf3 Nc6 3. d4 cxd4 4. Nxd4 e5 5. Nb5 Bc5 6. Nd6+ Ke7 7. Nf5+ Kf8 8.
Nc3 Qb6 9. Qd2 Nge7 10. Nxe7 Bxe7 11. Nd5 Qd4 12. Bd3 Nb4 13. Nxb4 Qxb4 14. c3
Qb6 15. Qe2 Qg6 16. g3 d6 17. Be3 Be6 18. f3 f6 19. Bc4 Qf7 20. Bxe6 Qxe6 21.
Qb5 Qc8 22. Rd1 Qc6 23. Qb3 Ke8 24. Kf2 Rf8 25. Qe6 b6 26. Rd2 Rd8 27. Rhd1 Qc8
28. Qd5 Rf7 29. Kg2 f5 30. f4 fxe4 31. Qxe4 Qf5 32. Qc6+ Qd7 33. Qxd7+ Rxd7 34.
fxe5 Rd8 35. exd6 Bf6 36. Bf4 g5 37. Re1+ Kd7 38. Be5 Re8 39. Rde2 Rxe5 40. Rxe5
Bxe5 41. Rxe5 Kxd6 42. Rxg5 Re7 43. Rf5 Re2+ 44. Rf2 Re5 45. Kf3 a5 46. Rd2+ Ke7
47. Rd4 b5 48. Re4 Kd6 49. Rxe5 Kxe5 50. Ke3 Kf5 51. h3 Ke5 52. b3 a4 53. bxa4
bxa4 54. a3 Kd5 55. Kd3 Kc5 56. g4 Kd6 57. Kd4 {Black resigns} 1-0

[Event "Team 45 45 League T44"]
[Site "Internet Chess Club"]
[Date "2010.02.27"]
[Round "4"]
[White "Pason"]
[Black "Zumbi"]
[Result "1-0"]
[WhiteElo "2139"]
[BlackElo "2028"]
[Opening "QGD semi-Slav"]
[ECO "D43"]
[Time "07:45:51"]
[TimeControl "2700+45"]

1. c4 e6 2. d4 d5 3. Nf3 Nf6 4. Nc3 c6 5. Bg5 h6 6. Bh4 dxc4 7. e4 g5 8. Bg3 b5
9. Be5 Nbd7 10. Be2 Bb7 11. O-O g4 12. Bxf6 Nxf6 13. Ne5 h5 14. f3 g3 15. hxg3
Qb6 16. Kh1 Rd8 17. Qd2 Bh6 18. Qc2 Qxd4 19. f4 Ng4 20. Rad1 Qb6 21. Rxd8+ Qxd8
22. Bxg4 hxg4 23. Kg1 Qb6+ 24. Qf2 Qxf2+ 25. Kxf2 f5 26. Rd1 Rh7 27. Rd6 Re7 28.
exf5 Bf8 29. f6 Rc7 30. Rxe6+ Kd8 31. Ne4 Bc8 32. Ng5 Bc5+ 33. Ke2 b4 34. f7 Be7
35. Rxe7 Rxe7 36. f8=Q+ {Black resigns} 1-0

[Event "Team 45 45 League T44"]
[Site "Internet Chess Club"]
[Date "2010.03.01"]
[Round "4"]
[White "Ptzz"]
[Black "alastorx"]
[Result "1-0"]
[WhiteElo "2048"]
[BlackElo "2019"]
[Opening "QGD: Tarrasch, Prague variation, 9.Bg5"]
[ECO "D34"]
[Time "11:00:38"]
[TimeControl "2700+45"]

1. d4 e6 2. c4 d5 3. Nc3 c5 4. cxd5 exd5 5. Nf3 Nc6 6. g3 Nf6 7. Bg2 Be7 8. O-O
O-O 9. Bg5 c4 10. Ne5 Be6 11. Nxc6 bxc6 12. b3 cxb3 13. axb3 Bf5 14. Ra6 Qc7 15.
Qa1 Bc8 16. Ra2 Re8 17. Rc1 Qb6 18. Na4 Qb5 19. Qc3 Bf5 20. Bxf6 Bxf6 21. e3
Rec8 22. Nc5 h6 23. Bf1 Qb6 24. Ra6 Qc7 25. Nd3 Rab8 26. Rca1 Ra8 27. Nb4 Bd7
28. Qc5 Qd8 29. Rxa7 Be7 30. Qc3 Rxa7 31. Rxa7 Bd6 32. Nd3 Bb8 33. Rb7 Rc7 34.
Rxc7 Qxc7 35. Ne5 f6 36. Nxd7 Qxd7 37. Bd3 Kf7 38. Bc2 Qb7 39. Qd3 Ke6 40. Qg6
Kd6 41. Qe8 Kc7 42. Qe7+ Kb6 43. Qc5+ Kc7 44. b4 Qa7 45. Qf8 Kb6 46. Bd3 Qb7 47.
Qc5+ Kc7 48. Kg2 Qa7 49. Qf8 Kb6 50. Bf5 Kb5 51. Bg6 Qc7 52. Bf7 Qd6 53. Qxg7
Kxb4 54. Qxh6 c5 55. dxc5 Kxc5 56. h4 Qe7 57. Bg6 Be5 58. Qh5 Qd7 59. Bf5 Qe7
60. Qf3 Qg7 61. Be6 {Black resigns} 1-0

[Event "Team 45 45 League T44"]
[Site "Internet Chess Club"]
[Date "2010.03.03"]
[Round "4"]
[White "Egmont"]
[Black "PaulKaspar"]
[Result "1/2-1/2"]
[WhiteElo "1751"]
[BlackElo "1948"]
[Opening "Caro-Kann: closed (Breyer) variation"]
[ECO "B10"]
[Time "12:01:14"]
[TimeControl "2700+45"]

1. e4 c6 2. d3 e5 3. Nf3 d6 4. g3 Nf6 5. Bg2 Be7 6. Nbd2 O-O 7. O-O Bg4 8. Re1
Nbd7 9. Nc4 Qc7 10. Ne3 Be6 11. Nf5 Bxf5 12. exf5 d5 13. Bg5 Rfe8 14. h4 e4
{Game drawn by mutual agreement} 1/2-1/2

[Event "Team 45 45 League T44"]
[Site "Internet Chess Club"]
[Date "2010.03.01"]
[Round "4"]
[White "pishd"]
[Black "BrerRabbit"]
[Result "1-0"]
[WhiteElo "1726"]
[BlackElo "1461"]
[Opening "King's Indian: London system"]
[ECO "A48"]
[Time "10:46:34"]
[TimeControl "2700+45"]

1. d4 Nf6 2. Nf3 g6 3. Bf4 Bg7 4. e3 d6 5. h3 O-O 6. Be2 c5 7. c3 Qb6 8. Qb3 Be6
9. c4 Bf5 10. Nc3 Nc6 11. Qxb6 axb6 12. O-O Nb4 13. Rfd1 Nc6 14. d5 Nb4 15. a3
Na6 16. Nd2 Nc7 17. e4 Bc8 18. e5 Nh5 19. Bxh5 dxe5 20. Bg5 f6 21. Bh4 gxh5 22.
Nde4 Ne8 23. d6 exd6 24. Nxd6 Nxd6 25. Rxd6 Bf5 26. Rad1 Bc2 27. R1d2 Bb3 28.
Rxb6 Bxc4 29. Rxb7 Rf7 30. Rb6 Bh6 31. Rdd6 Bg5 32. Bxg5 fxg5 33. Ne4 Raf8 34.
Nf6+ Kh8 35. f3 Ba2 36. Nd7 Ra8 37. Nxe5 Rf4 38. Rd7 Rd4 39. Re7 Kg8 40. Rbb7
Bb1 41. Rg7+ Kf8 42. Rbf7+ Ke8 43. Rg8# {Black checkmated} 1-0

[Event "Team 45 45 League T44"]
[Site "Internet Chess Club"]
[Date "2010.03.01"]
[Round "4"]
[White "oldsj"]
[Black "Bible-Believer"]
[Result "1-0"]
[WhiteElo "1572"]
[BlackElo "1520"]
[Opening "French: exchange variation"]
[ECO "C01"]
[Time "14:06:24"]
[TimeControl "2700+45"]

1. e4 e6 2. d4 d5 3. exd5 exd5 4. c4 Nf6 5. Nf3 c6 6. Nc3 Bf5 7. Be2 dxc4 8.
Bxc4 Nbd7 9. O-O Nb6 10. Bb3 Be7 11. Ne5 O-O 12. Re1 Qc7 13. Qf3 Bg6 14. Bf4 Bd6
15. Rac1 Nbd7 16. Nb5 Nxe5 17. dxe5 {Black resigns} 1-0

[Event "Team 45 45 League T44"]
[Site "Internet Chess Club"]
[Date "2010.03.02"]
[Round "4"]
[White "joshtournman"]
[Black "moreffee"]
[Result "1/2-1/2"]
[WhiteElo "1486"]
[BlackElo "1316"]
[Opening "Benkö gambit accepted"]
[ECO "A58"]
[Time "14:00:07"]
[TimeControl "2700+45"]

1. d4 Nf6 2. c4 c5 3. d5 b5 4. cxb5 a6 5. bxa6 Bxa6 6. Nc3 d6 7. Bg5 Nbd7 8. e4
h6 9. Bxa6 hxg5 10. Bb5 Rb8 11. Bxd7+ Qxd7 12. Qc2 Qg4 13. f3 Qd7 14. O-O-O g4
15. Qa4 g3 16. Qxd7+ Nxd7 17. h3 Ne5 18. Nge2 g6 19. Nxg3 Bh6+ 20. Kb1 c4 21.
Rhf1 Nd3 22. b3 Nf4 23. Rf2 cxb3 24. axb3 Rxb3+ 25. Rb2 Rxb2+ 26. Kxb2 Bg7 27.
Rd2 O-O 28. Kc2 Rc8 29. e5 Bxe5 30. Ne4 f5 31. g3 Nxh3 32. f4 Bg7 33. Kd1 fxe4
34. Nxe4 Rc4 35. Re2 Rd4+ 36. Ke1 Rxd5 37. Kf1 g5 38. fxg5 Nxg5 39. Nxg5 Rxg5
40. Rxe7 Be5 41. Kf2 Rxg3 42. Rxe5 dxe5 43. Kxg3 Kf7 44. Kf3 Ke6 45. Ke4 Kd6 46.
Ke3 Kd5 47. Kd3 e4+ 48. Ke3 Ke5 49. Ke2 Kd4 50. Kd2 e3+ 51. Ke2 Ke4 52. Ke1 Kf3
53. Kf1 Kg3 54. Ke2 Kf4 55. Ke1 Kf3 56. Kf1 {Game drawn by mutual agreement}
1/2-1/2

[Event "Team 45 45 League T44"]
[Site "Internet Chess Club"]
[Date "2010.03.01"]
[Round "4"]
[White "beerss"]
[Black "Skylab"]
[Result "1-0"]
[WhiteElo "1350"]
[BlackElo "1235"]
[Opening "Bird's opening"]
[ECO "A02"]
[Time "20:00:23"]
[TimeControl "2700+45"]

1. f4 Nc6 2. e3 d6 3. Bb5 Bd7 4. Bxc6 Bxc6 5. Nf3 Nf6 6. O-O g6 7. b3 Bg7 8. Bb2
O-O 9. d3 Qd7 10. Nbd2 Rfd8 11. Qe1 Qg4 12. Rb1 h6 13. Qf2 Kh7 14. a4 a6 15.
Bxf6 Bxf6 16. Ne4 Bg7 17. Neg5+ hxg5 18. Nxg5+ Kg8 19. e4 f6 20. h3 Qh5 21. Ne6
Rdc8 22. b4 Bd7 23. Nxg7 Kxg7 24. f5 Be8 25. c4 g5 26. a5 b5 27. c5 Rd8 28. Kh2
dxc5 29. g4 Qh6 30. Qxc5 Kf8 31. Rbd1 Rd7 32. d4 Qg7 33. Qc6 Rad8 34. d5 Rd6 35.
Qxc7 R6d7 36. Qc5 Kg8 37. Rde1 Bf7 38. Rf2 Rd6 39. Qc7 Qf8 40. Rc1 Kg7 41. Rfc2
R8d7 42. Qc5 Qd8 43. Qf2 Qb8 44. Kh1 Qh8 45. Kh2 Qh4 46. Qg1 Rd8 47. Rc3 Rh8 48.
R1c2 Rdd8 49. Rg3 Rc8 50. Qf2 Rc4 51. Rxc4 bxc4 52. Qc5 Re8 53. Qxc4 Qh8 54.
Qxa6 Rc8 55. Qd3 Qe8 56. Qa3 Ra8 57. Rg2 Qb5 58. Qc3 Rb8 59. Rb2 Qf1 60. Qc7
Qf4+ 61. Qxf4 gxf4 62. Kg2 e5 63. dxe6 Be8 64. Kf3 Bb5 65. Kxf4 Kf8 66. g5 fxg5+
67. Kxg5 Bd3 68. e5 Rb5 69. Kf6 Rb7 70. Rd2 Bf1 71. Rd8# {Black checkmated} 1-0

[Event "Team 45 45 League T44"]
[Site "Internet Chess Club"]
[Date "2010.03.02"]
[Round "4"]
[White "BosqueVerde"]
[Black "chips"]
[Result "1-0"]
[WhiteElo "1124"]
[BlackElo "1206"]
[Opening "Kevitz-Trajkovich defense"]
[ECO "A50"]
[Time "20:00:09"]
[TimeControl "2700+45"]

1. d4 Nf6 2. c4 Nc6 3. Nf3 e5 4. dxe5 Ng4 5. Bf4 Bb4+ 6. Nc3 Bc5 7. e3 g5 8.
Bxg5 Be7 9. Ne4 Bxg5 10. Nfxg5 Ncxe5 11. Be2 f6 12. Nf3 Nxf3+ 13. Bxf3 Ne5 14.
Qe2 Nxf3+ 15. Qxf3 O-O 16. O-O-O f5 17. Qg3+ Kh8 18. Ng5 Rg8 19. Nf7# {Black
checkmated} 1-0

[Event "Team 45 45 League T44"]
[Site "Internet Chess Club"]
[Date "2010.02.25"]
[Round "4"]
[White "OGO"]
[Black "LeanSixSigma"]
[Result "1-0"]
[WhiteElo "1520"]
[BlackElo "1449"]
[Opening "Sicilian: Labourdonnais-Löwenthal variation"]
[ECO "B32"]
[Time "14:00:07"]
[TimeControl "2700+45"]

1. e4 c5 2. Nf3 Nc6 3. d4 cxd4 4. Nxd4 e5 5. Nb5 a6 6. Nd6+ Bxd6 7. Qxd6 Qe7 8.
Qxe7+ Ngxe7 9. Nc3 O-O 10. Be2 Nd4 11. Bd3 d6 12. Be3 Be6 13. O-O b5 14. Rad1 b4
15. Bxd4 exd4 16. Ne2 Nc6 17. h3 Rfd8 18. f4 a5 19. Bb5 Na7 20. Ba4 Bc4 21. Rf2
Bxe2 22. Rxe2 Rab8 23. Rxd4 Nb5 24. Bxb5 Rxb5 25. Red2 Rb6 26. e5 f6 27. e6 d5
28. f5 Rbb8 29. g4 Kf8 30. Rxd5 Rxd5 31. Rxd5 Ra8 32. Kf2 Ra7 33. Ke3 Ke7 34.
Kd4 Rc7 35. Rc5 Ra7 36. Kc4 Kd6 37. Rd5+ Ke7 38. Rd7+ Rxd7 39. exd7 Kxd7 40. Kb5
Kd6 41. Kxa5 Ke5 42. Kxb4 g6 43. a4 gxf5 44. gxf5 Kxf5 45. a5 Ke5 46. a6 f5 47.
a7 f4 48. a8=Q {Black resigns} 1-0

[Event "Team 45 45 League T44"]
[Site "Internet Chess Club"]
[Date "2010.02.28"]
[Round "4"]
[White "rookmaster23"]
[Black "islanderpfeifer"]
[Result "1/2-1/2"]
[WhiteElo "1414"]
[BlackElo "1519"]
[Opening "QGD semi-Slav"]
[ECO "D43"]
[Time "15:00:16"]
[TimeControl "2700+45"]

1. d4 d5 2. c4 c6 3. Nc3 Nf6 4. Nf3 e6 5. Bf4 Bb4 6. e3 Ne4 7. Qc2 Nxc3 8. bxc3
Bd6 9. Bxd6 Qxd6 10. cxd5 cxd5 11. Bd3 Nd7 12. O-O Nf6 13. Rab1 O-O 14. Rfe1 a6
15. e4 dxe4 16. Bxe4 Nxe4 17. Rxe4 Rb8 18. Rh4 h6 19. Ng5 f5 20. Nf3 Bd7 21. Ne5
Be8 22. Re1 Qe7 23. Rh3 Qg5 24. Rg3 Qf6 25. Qd2 f4 26. Rf3 Qg5 27. Nd3 Bc6 28.
Ne5 Bxf3 29. Nxf3 Qf6 30. Ne5 Rbd8 31. Qe2 Qe7 32. Ng6 Qf6 33. Nxf8 Rxf8 34.
Qxe6+ Qxe6 35. Rxe6 Rc8 36. h3 Rxc3 37. Rb6 Rc1+ 38. Kh2 Rc2 39. Rxb7 Rxf2 40.
Rb6 Rxa2 41. d5 f3 42. d6 Rxg2+ 43. Kh1 Kf8 44. Rb8+ Kf7 45. d7 Rd2 46. Rb7 Ke7
47. d8=Q+ Kxd8 48. Rxg7 f2 49. Kg2 a5 50. Rh7 a4 51. Rxh6 Kc7 52. Ra6 Ra2 53. h4
Kd7 54. h5 Ke7 55. h6 Kf7 56. h7 f1=Q+ 57. Kxf1 Rh2 58. Rxa4 Kg6 59. Ra7 Kf6 60.
Kg1 Rh5 61. Ra6+ Kg7 62. Ra7+ Kh8 63. Ra8+ Kxh7 64. Ra7+ Kg6 65. Ra6+ Kf7 66.
Ra7+ Ke6 67. Kf2 Re5 68. Ra8 Kf5 69. Rf8+ Ke4 70. Ke2 Kd4+ 71. Kd2 Rh5 72. Rd8+
Kc4 73. Rc8+ Kb3 74. Rc3+ Kb4 75. Rc2 Rh3 76. Rb2+ Ka3 77. Rb1 Ka2 78. Rb6 Rh2+
79. Kc3 Rh3+ 80. Kd2 Rh2+ 81. Kc3 Rh3+ 82. Kd2 {Game drawn by repetition}
1/2-1/2

[Event "Team 45 45 League T44"]
[Site "Internet Chess Club"]
[Date "2010.02.25"]
[Round "4"]
[White "dondel"]
[Black "mrmarck"]
[Result "1-0"]
[WhiteElo "1309"]
[BlackElo "1267"]
[Opening "QGD: 4.Nf3"]
[ECO "D37"]
[Time "19:59:01"]
[TimeControl "2700+45"]

1. d4 d5 2. c4 Nf6 3. Nf3 e6 4. Nc3 Be7 5. e3 O-O 6. Bd3 c5 7. O-O b6 8. Re1 Bb7
9. h3 dxc4 10. Bxc4 cxd4 11. exd4 Re8 12. Qd3 Nbd7 13. a3 Rc8 14. Bf4 Bxf3 15.
gxf3 Nh5 16. Ne2 Nxf4 17. Nxf4 Bh4 18. Re2 Qg5+ 19. Ng2 Nf8 20. Kf1 Ng6 21. Rae1
Nf4 22. Nxf4 Qxf4 23. Re4 Qh2 24. Rxh4 Rxc4 {Black resigns} 1-0

[Event "Team 45 45 League T44"]
[Site "Internet Chess Club"]
[Date "2010.02.26"]
[Round "4"]
[White "RancidTurnip"]
[Black "kingsrook"]
[Result "0-1"]
[WhiteElo "1176"]
[BlackElo "1346"]
[Opening "Caro-Kann: advance variation"]
[ECO "B12"]
[Time "19:00:06"]
[TimeControl "2700+45"]

1. e4 c6 2. d4 d5 3. e5 Bf5 4. Nf3 e6 5. Bg5 Be7 6. Bxe7 Nxe7 7. Nbd2 Nd7 8. c3
O-O 9. Qb3 Qc7 10. Be2 Rab8 11. O-O Rfc8 12. h3 c5 13. Rac1 Qa5 14. a3 c4 15.
Qb4 Qxb4 16. axb4 b5 17. b3 h6 18. bxc4 bxc4 19. g4 Bh7 20. Ra1 Rc7 21. Ra6 Rb6
22. Rfa1 Rxa6 23. Rxa6 Nb8 24. Rd6 Rd7 25. Rxd7 Nxd7 26. Bd1 Nb6 27. Nh2 Ng6 28.
Kg2 Nf4+ 29. Kg3 Nd3 30. f4 g6 31. Nb1 g5 32. fxg5 hxg5 33. Nf3 Kg7 34. Nxg5 Bg6
35. Na3 a6 36. h4 Kh6 37. b5 a5 38. Nf3 Be4 39. h5 Bxf3 40. Bxf3 Kg5 41. h6 Kxh6
42. Kh4 Nf4 43. g5+ Kh7 44. Bd1 Ng6+ 45. Kg4 Kg7 46. Bc2 Ne7 47. Nb1 a4 48. Nd2
a3 49. Bb1 Na4 50. Kh5 Nxc3 51. b6 Nxb1 52. b7 Nc6 53. Nxb1 a2 {White resigns}
0-1

[Event "Team 45 45 League T44"]
[Site "Internet Chess Club"]
[Date "2010.02.27"]
[Round "4"]
[White "crazyhorses"]
[Black "yemisco1"]
[Result "1-0"]
[WhiteElo "1500"]
[BlackElo "1422"]
[Opening "French: King's Indian attack"]
[ECO "C00"]
[Time "15:00:24"]
[TimeControl "2700+45"]

1. e4 e6 2. d3 Nc6 3. Nd2 g6 4. g3 Bg7 5. Bg2 e5 6. Ngf3 d6 7. O-O Nf6 8. Re1
Bg4 9. h3 Bxf3 10. Nxf3 O-O 11. c3 b6 12. d4 exd4 13. e5 Ne8 14. Nxd4 Nxe5 15.
Bxa8 Qxa8 16. Bf4 c5 17. Bxe5 cxd4 18. Bxg7 Nxg7 19. Qxd4 Nf5 20. Qd3 Qc6 21.
Rad1 Rd8 22. Re2 Ng7 23. Red2 Nf5 24. Qd5 Qd7 25. Kg2 h5 26. g4 hxg4 27. hxg4
Nh6 28. f3 Qe7 29. Qc4 Qf6 30. Rd5 g5 31. Qd4 Qg6 32. Rxd6 Rxd6 33. Qxd6 Qc2+
34. Rd2 Qc1 35. Qd5 Kf8 36. Qd8+ Kg7 37. Qxg5+ Kh7 38. Qe3 Ng8 39. Re2 Qxe3 40.
Rxe3 Kg7 41. Re8 Nf6 42. Rd8 Kg6 43. Kg3 Kg7 44. f4 Ne4+ 45. Kf3 Nc5 46. Ke3 Kg6
47. Rd6+ Kg7 48. b4 Ne6 49. f5 Ng5 50. Rd7 a6 51. Rd6 a5 52. bxa5 bxa5 53. Ra6
Nh7 54. c4 Nf6 55. Kf4 Ne8 56. Rxa5 Nd6 57. Rc5 f6 58. Rc7+ Nf7 59. a4 Kf8 60.
Rxf7+ Kxf7 61. a5 Ke7 62. a6 Kd7 63. a7 Kc7 64. a8=Q {Black resigns} 1-0

[Event "Team 45 45 League T44"]
[Site "Internet Chess Club"]
[Date "2010.02.28"]
[Round "4"]
[White "reverendjim"]
[Black "g8wrb"]
[Result "0-1"]
[WhiteElo "1422"]
[BlackElo "1589"]
[Opening "Alekhine's defense: modern, Larsen variation"]
[ECO "B04"]
[Time "14:00:20"]
[TimeControl "2700+45"]

1. e4 Nf6 2. e5 Nd5 3. d4 d6 4. Nf3 dxe5 5. Nxe5 c6 6. c4 Nb6 7. Nc3 N8d7 8. Bf4
Nxe5 9. dxe5 Bf5 10. Be2 e6 11. O-O Bc5 12. Qxd8+ Rxd8 13. Rad1 O-O 14. Rxd8
Rxd8 15. Rd1 Rxd1+ 16. Nxd1 Bd4 17. Be3 Bxe5 18. f4 Bf6 19. c5 Nd5 20. Kf2 Bc2
21. Nc3 Nxc3 22. bxc3 Bxc3 23. g4 f6 24. Bc4 Kf8 25. Bxe6 Bb1 26. h4 Bd3 27. h5
h6 28. g5 Ke7 29. Bb3 hxg5 30. fxg5 fxg5 31. Bxg5+ Ke8 32. Ke3 Bf1 33. Bc2 Bh3
34. Bg6+ Kf8 35. Kd3 Ba1 36. a4 Bf1+ 37. Ke4 Bc3 38. h6 gxh6 39. Bxh6+ Kg8 40.
Bf5 Ba6 41. Be6+ Kh7 42. Be3 Kg6 43. Bd4 Bb4 44. Ke5 Bd3 45. Bc8 Ba6 46. Kd6 Ba5
47. Be6 Kh7 48. Bb3 Kg6 49. Be6 Kg5 50. Kd7 Kf4 51. Bf6 Ke4 52. Bf7 Kd3 53. Bb3
Bb4 54. Kc7 Bxc5 {White resigns} 0-1

[Event "Team 45 45 League T44"]
[Site "Internet Chess Club"]
[Date "2010.03.04"]
[Round "4"]
[White "rd00d"]
[Black "nozmov"]
[Result "1-0"]
[WhiteElo "1423"]
[BlackElo "1348"]
[Opening "French defense"]
[ECO "C00"]
[Time "22:05:57"]
[TimeControl "2700+45"]

1. e4 e6 2. Nf3 Nc6 3. d4 d5 4. e5 Be7 5. c3 f6 6. Bf4 g5 7. Bg3 h5 8. h3 Bf8 9.
exf6 Nxf6 10. Nxg5 h4 11. Bh2 Bd6 12. Bxd6 Qxd6 13. Nd2 e5 14. Qe2 e4 15. Ngf3
Bf5 16. Qe3 O-O-O 17. Ng1 Rdg8 18. Kd1 Nh5 19. Ne2 Ne7 20. Kc2 Ng6 21. g4 hxg3
22. fxg3 Bd7 23. g4 Nhf4 24. Nxf4 Qxf4 25. Qxf4 Nxf4 26. c4 e3 27. cxd5 exd2 28.
Kxd2 Re8 29. Rc1 Nxd5 30. Bc4 Be6 31. Rcg1 Nf4 32. Bxe6+ Rxe6 33. h4 Re2+ 34.
Kc3 Rg2 35. Rxg2 Nxg2 36. h5 Nf4 37. Kd2 Kd7 38. Ke3 Nd5+ 39. Kf3 Rf8+ 40. Kg3
Rg8 41. Kh4 b6 42. g5 Ne3 43. g6 Nf5+ 44. Kg5 Nxd4 45. h6 Nf3+ 46. Kf6 Rf8+ 47.
Kg7 Ke7 48. h7 Ng5 49. Re1+ Kd7 50. h8=Q Rxh8 51. Kxh8 {Black resigns} 1-0

[Event "Team 45 45 League T44"]
[Site "Internet Chess Club"]
[Date "2010.02.28"]
[Round "4"]
[White "Aquaman"]
[Black "seattleblues"]
[Result "0-1"]
[WhiteElo "1258"]
[BlackElo "1299"]
[Opening "Pirc: classical (two knights) system"]
[ECO "B08"]
[Time "15:00:16"]
[TimeControl "2700+45"]

1. d4 Nf6 2. Nf3 g6 3. Nc3 d6 4. e4 Bg7 5. Be3 O-O 6. h3 e5 7. d5 a5 8. Qd2 Nh5
9. Bh6 Nf4 10. Bxg7 Kxg7 11. g3 Nh5 12. Be2 Na6 13. a3 Nc5 14. Qe3 f5 15. exf5
Bxf5 16. g4 Nf4 17. gxf5 Ng2+ 18. Kd2 Nxe3 19. Kxe3 Rxf5 20. Kd2 e4 21. Nd4 Qg5+
22. Ke1 Rff8 23. Nxe4 Qxd5 24. Ng3 Qxd4 25. Rf1 Qxb2 26. Rd1 Rae8 27. Rd2 Qa1+
28. Rd1 Qxa3 29. f3 Qb4+ 30. Kf2 a4 31. Kg1 Ne6 32. Bd3 Nf4 33. Rb1 Qc5+ 34. Kh2
Nxd3 35. cxd3 b6 36. Rbc1 Qd4 37. Rxc7+ Rf7 38. Rcc1 Qxd3 39. Rcd1 Qa3 40. Kg2
Ref8 41. Ne4 Rxf3 42. Rfe1 Qa2+ 43. Rd2 Qe6 44. Kg1 Rxh3 45. Rde2 Qg4+ 46. Rg2
Qh4 47. Ng3 Rxg3 48. Re2 Rxg2+ 49. Rxg2 Qe1+ 50. Kh2 Rf7 51. Rg1 Qh4+ {White
resigns} 0-1